 Dungeon Crawl Stone Soup version 0.31-a0-810-ga77100ea1a (console) character file.

Game seed: 10675003019603693664

1678822 questionabletactics the Intangible (level 27, 240/240 HPs)
             Began as a Merfolk Artificer on Sept 21, 2023.
             Was the Champion of Fedhas.
             Escaped with the Orb
             ... and 3 runes on Sept 22, 2023!
             The game lasted 03:58:17 (68498 turns).

questionabletactics the Intangible (MfAr)          Turns: 68498, Time: 03:58:18

Health: 240/240    AC: 27    Str: 20    XL:     27
Magic:  47/47      EV: 36    Int: 21    God:    Fedhas [******]
Gold:   6044       SH: 23    Dex: 27    Spells: 28/34 levels left

rFire   + + +        b - +9 double sword (heavy)
rCold   + . .        m - +1 kite shield {AC+3}
rNeg    . . .        h - +4 ring mail {rC+}
rPois   +            x - +2 helmet {Int+3}
rElec   +            L - scarf of Orthodoxy {shadows, MP+9 Int+2 Stlth+}
rCorr   .            e - +2 pair of gloves {Str+3}
SInv    .            T - +0 pair of boots
Will    ++...        Q - amulet of regeneration
Stlth   +++          k - ring "Jootial" {rElec rPois rF++ AC+4 Str-2}
HPRegen 1.40/turn    r - ring "Deghifu" {Fly rF+ Str+6 Dex+5 Slay+3}
MPRegen 0.30/turn

%: no passive effects
@: flying, studying Staves
A: (nimble swimmer 2), mertail, large bone plates 1, clever 1, clumsy 1, high MP
1, wild magic 1, inability to read after injury 1
0: Orb of Zot
}: 3/15 runes: barnacled, silver, gossamer
a: Renounce Religion, Wall of Briars, Grow Ballistomycete, Overgrow, Grow Oklob


You escaped.
You worshipped Fedhas.
Fedhas was exalted by your worship.
You visited 11 branches of the dungeon, and saw 51 of its levels.
You visited 1 bazaar.
You also visited: Sewer, Gauntlet and Desolation.

You collected 10374 gold pieces.
You spent 4330 gold pieces at shops.

Inventory:

Hand Weapons
 a - the +7 captain's cutlass {speed, disarm}
   (You bought it in a shop on level 2 of the Orcish Mines)
 b - a +9 heavy double sword (weapon)
 B - a +6 dagger of venom
Missiles
 o - 6 throwing nets
Armour
 e - a +2 pair of gloves of strength (worn)
 h - a +4 ring mail of cold resistance (worn)
 l - a +2 kite shield of fire resistance
 m - a +1 kite shield of protection (worn)
 s - the +5 gold dragon scales of Ignis's Approval {Rampage rPois rF+ rC+ Str+2 Slay+3}
   (You found it on level 1 of the Elven Halls)

   Str+2:     It affects your strength (+2).
   Slay+3:    It affects your accuracy & damage with ranged weapons and melee
   (+3).
   rF+:       It protects you from fire.
   rC+:       It protects you from cold.
   rPois:     It protects you from poison Rampage: It bestows one free step when
   moving towards enemies.
 x - a +2 helmet of intelligence (worn)
 y - a scarf of invisibility
 L - the scarf of Orthodoxy (worn) {shadows, MP+9 Int+2 Stlth+}
   (You bought it in a shop on level 4 of the Dungeon)

   Int+2:     It affects your intelligence (+2).
   MP+9:      It affects your magic capacity (+9).
   Stlth+:    It makes you more stealthy.
 M - the +3 robe of Clouds {*Thunder rCloud rElec}
   (You found it in a Gauntlet)

   *Thunder:  It occasionally creates storm clouds above nearby enemies.
   rCloud:    It grants its wearer immunity to clouds.
   rElec:     It insulates you from electricity.
 T - a +0 pair of boots (worn)
Jewellery
 g - a ring of positive energy
 k - the ring "Jootial" (left hand) {rElec rPois rF++ AC+4 Str-2}
   (You found it in the Desolation of Salt)

   [ring of protection]

   AC+4:      It affects your AC (+4).
   Str-2:     It affects your strength (-2).
   rF++:      It greatly protects you from fire.
   rElec:     It insulates you from electricity.
   rPois:     It protects you from poison
 r - the ring "Deghifu" (right hand) {Fly rF+ Str+6 Dex+5 Slay+3}
   (You bought it in a shop on level 2 of the Orcish Mines)

   [ring of strength]

   Str+6:     It affects your strength (+6).
   Dex+5:     It affects your dexterity (+5).
   Slay+3:    It affects your accuracy & damage with ranged weapons and melee
   (+3).
   rF+:       It protects you from fire.
   Fly:       It grants you flight.
 Q - an amulet of regeneration (around neck)
 Y - the ring of Fedhas's Hope {rC+ Will+ Int+3}
   (You found it on level 4 of the Shoals)

   [ring of protection from cold]

   Int+3:     It affects your intelligence (+3).
   rC+:       It protects you from cold.
   Will+:     It increases your willpower.
 Z - a +5 ring of evasion
Wands
 c - a wand of flame (10)
 j - a wand of digging (1)
 F - a wand of polymorph (20)
 J - a wand of mindburst (66)
 K - a wand of quicksilver (12)
 N - a wand of paralysis (30)
 R - a wand of roots (50)
Scrolls
 q - 3 scrolls of butterflies
 t - 5 scrolls of fear
 w - 4 scrolls of fog
 C - 7 scrolls of teleportation
 E - 2 scrolls of blinking
 H - a scroll of silence
 V - 5 scrolls of vulnerability
Potions
 d - 3 potions of cancellation
 f - 11 potions of curing
 i - 2 potions of mutation
 n - 6 potions of might
 p - 6 potions of brilliance
 u - a potion of heal wounds
 v - 13 potions of ambrosia
 z - 4 potions of resistance
 I - 6 potions of enlightenment
 O - 3 potions of haste
 S - 2 potions of magic
Miscellaneous
 P - a phial of floods
 W - a phantom mirror


   Skills:
 + Level 24.6 Fighting
 - Level 14.0(16.2) Short Blades
 - Level 13.6(16.1) Long Blades
 - Level 11.6 Armour
 O Level 27 Dodging
 - Level 21.0 Stealth
 + Level 20.0 Shields
 - Level 4.1 Spellcasting
 - Level 12.6 Ice Magic
 - Level 16.0 Invocations
 - Level 9.6 Evocations


You had 28 spell levels left.
You knew the following spells:

 Your Spells              Type           Power      Damage    Failure   Level
a - Frozen Ramparts       Ice            100%       1d16      1%          3
b - Freeze                Ice            100%       1d10      1%          1
c - Ensorcelled Hibernat  Hex/Ice        80%        N/A       4%          2

Your spell library contained the following spells:

 Spells                   Type           Power      Damage    Failure   Level
 Hailstorm                Conj/Ice       40%        3d10      8%          3
 Summon Ice Beast         Ice/Summ       40%        N/A       24%         4
 Apportation              Tloc           10%        N/A       30%         1
 Foxfire                  Conj/Fire      20%        2x1d5     30%         1
 Necrotise                Necr           20%        1d5       30%         1
 Shock                    Conj/Air       20%        1d4       30%         1
 Sting                    Tmut/Pois      20%        1d4       30%         1
 Summon Small Mammal      Summ           20%        N/A       30%         1
 Cigotuvi's Dreadful Rot  Necr/Pois/Air  10%        N/A       43%         2
 Jinxbite                 Hex            10%        N/A       43%         2
 Lesser Beckoning         Tloc           10%        N/A       43%         2
 Poisonous Vapours        Pois/Air       10%        N/A       43%         2
 Searing Ray              Conj           10%        2d4       43%         2
 Static Discharge         Conj/Air       10%        2-3/arc   43%         2
 Call Canine Familiar     Summ           5%         N/A       65%         3
 Dazzling Flash           Conj/Hex       10%        N/A       65%         3
 Gell's Gravitas          Tloc           5%         N/A       65%         3
 Ignite Poison            Fire/Tmut/Pois 5%         N/A       65%         3
 Inner Flame              Hex/Fire       5%         N/A       65%         3
 Mephitic Cloud           Conj/Pois/Air  5%         N/A       65%         3
 Sigil of Binding         Hex            5%         N/A       65%         3
 Stone Arrow              Conj/Erth      10%        3d7       65%         3
 Summon Guardian Golem    Hex/Summ       5%         N/A       65%         3
 Teleport Other           Tloc           5%         N/A       65%         3
 Tukima's Dance           Hex            5%         N/A       65%         3
 Volatile Blastmotes      Fire/Tloc      10%        2d10      65%         3
 Freezing Cloud           Conj/Ice/Air   14%        6-21      80%         5
 Airstrike                Air            2%         2d(1-17)  95%         4
 Animate Armour           Summ/Erth      10%        N/A       95%         4
 Animate Dead             Necr           5%         N/A       95%         4
 Cause Fear               Hex            2%         N/A       95%         4
 Dimensional Bullseye     Hex/Tloc       2%         N/A       95%         4
 Flame Wave               Conj/Fire      5%         2d5       95%         4
 Leda's Liquefaction      Hex/Erth       2%         N/A       95%         4
 Manifold Assault         Tloc           5%         N/A       95%         4
 Olgreb's Toxic Radiance  Pois           5%         N/A       95%         4
 Passage of Golubria      Tloc           5%         N/A       95%         4
 Sticky Flame             Conj/Fire      5%         2d3       95%         4
 Summon Lightning Spire   Summ/Air       5%         N/A       95%         4
 Vhi's Electric Charge    Tloc/Air       10%        N/A       95%         4
 Simulacrum               Ice/Necr       20%        N/A       97%         6
 Agony                    Necr           5%         N/A       100%        5
 Alistair's Intoxication  Tmut/Pois      3%         N/A       100%        5
 Arcjolt                  Conj/Air       2%         1d12      100%        5
 Fireball                 Conj/Fire      2%         3d4       100%        5
 Irradiate                Conj/Tmut      2%         3d12      100%        5
 Lee's Rapid Deconstruct  Erth           2%         3d5*      100%        5
 Silence                  Hex/Air        2%         N/A       100%        5
 Summon Forest            Summ/Tloc      2%         N/A       100%        5
 Summon Mana Viper        Hex/Summ       5%         N/A       100%        5
 Yara's Violent Unravell  Hex/Tmut       2%         3d3       100%        5
 Dispersal                Tloc           2%         N/A       100%        6
 Leda's Unmaking          Conj/Erth      2%         9d1       100%        6
 Plasma Beam              Fire/Air       2%         2x1d12    100%        6
 Starburst                Conj/Fire      2%         6d3       100%        6
 Haunt                    Necr/Summ      2%         N/A       100%        7
 Malign Gateway           Summ/Tloc      2%         N/A       100%        7
 Monstrous Menagerie      Summ           2%         N/A       100%        7
 Summon Hydra             Summ           2%         N/A       100%        7
 Disjunction              Tloc           2%         N/A       100%        8
 Ignition                 Fire           2%         3d3       100%        8
 Infestation              Necr           2%         N/A       100%        8
 Maxwell's Capacitive Co  Air            2%         ∞         100%        8
 Summon Horrible Things   Summ           2%         N/A       100%        8
 Chain Lightning          Conj/Air       2%         3d3       100%        9
 Dragon's Call            Summ           2%         N/A       100%        9
 Fire Storm               Conj/Fire      2%         8d1       100%        9
 Shatter                  Erth           2%         3d6*      100%        9


Dungeon Overview and Level Annotations

Branches:
Dungeon (15/15)            Temple (1/1) D:4            Lair (5/5) D:10
 Shoals (4/4) Lair:2       Spider (4/4) Lair:2        Slime (0/5) Lair:5
    Orc (2/2) D:12            Elf (3/3) Orc:2        Vaults (5/5) D:13
  Crypt (3/3) Vaults:3       Tomb (0/3) Crypt:3      Depths (4/4) D:15
    Zot (5/5) Depths:4      Sewer (visited)         Desolation (visited)
Gauntlet (visited)

Altars:
Ashenzari
Cheibriados
Dithmenos
Elyvilon
Fedhas
Gozag
Hepliaklqana
Kikubaaqudgha
Makhleb
Nemelex Xobeh
Okawaru
Qazlal
Ru
Sif Muna
Trog
Uskayaw
Vehumet
Wu Jian
Xom
Yredelemnul
Zin
The Shining One

Shops:
D:4 [   Orc:2 =*:(   Elf:3 [   Shoals:1 :   Vaults:1 *   Vaults:2 *
Vaults:5 :   Depths:1 ?

Portals:
Hell: Depths:1 Depths:2 Depths:3 Depths:4
Abyss: Depths:3
Pandemonium: Depths:2 Depths:4
Ziggurat: Depths:2
Trove: Depths:1 (give 2 scrolls of acquirement)

Annotations:
D:5 1 runed translucent door, Crazy Yiuf
D:15 3 runed translucent doors, Etsiduud's ghost, journeyman MiFi
Orc:2 2 transporters, Psyclone's ghost, journeyman DECj
Elf:3 Roxanne


Innate Abilities, Weirdness & Mutations

((You are very nimble when in or above water. (Stealth+, EV+, Speed+++)))
Your lower body shifts to a powerful aquatic tail in water.
You are partially covered in large bone plates. (SH +4)
Your mind is acute. (Int +4, Str/Dex -1)
You are clumsy. (Dex -2)
You have an increased reservoir of magic. (+10% MP)
Your spells are a little harder to cast, but a little more powerful.
You occasionally lose the ability to read scrolls when taking damage.


Message History

You carve the hell hog like the proverbial ham!!!
You kill the hell hog!
Fedhas accepts your kill. You block the hell hog's attack.
The hell hog completely misses you.
You slice the hell hog!!
The hell hog is heavily wounded.
The hell hog closely misses you.
You carve the hell hog like the proverbial ham!!!!
You kill the hell hog!
Fedhas accepts your kill.
There is an escape hatch in the ceiling here.
A mysterious force pulls you upwards. The hatch slams shut behind you.
HP restored.
There is a stone staircase leading up here.
You fly upwards.
Level annotation: 1 runed translucent door, Crazy Yiuf
There is a stone staircase leading down here.
There is a stone staircase leading up here.
You fly upwards.
There is a stone staircase leading down here.
There is a stone staircase leading up here.
You fly upwards.
There is a stone staircase leading down here.
A rust devil comes into view.
The rust devil hits you. The rust devil corrodes you!
You barely miss the rust devil. You block the rust devil's attack.
You carve the rust devil like a ham!!!!
You kill the rust devil!
Fedhas accepts your kill.
There is a stone staircase leading up here.
You fly upwards.
There is a stone staircase leading down here.
You are no longer corroded.
There is a stone staircase leading up here.
You fly upwards.
There is a stone staircase leading down here.
You reach down and open the door.
There is an open door here.
There is a staircase leading out of the dungeon here.
You have escaped!

...........#.....##.#.# #.#
...####...(.........#.# #.# ...#
#.............#.########.## ...#
#...#......#..#...........#
...####...#.###..#...############
............####'#.............#
..##.........###.###.#########.#
..............#♣.~P#.# #.#
...#..........+.@~.#.# #.#
..............#♣.~.#.# #.#
..............##.###.# #######.##
.....##........#'#...# #........#
.................>.### #.########
.....###.............# #.#
...#.)...............# #.#
...#.#.#.............# #.#
.....................# #.#


There were no monsters in sight!

Vanquished Creatures
  2 pandemonium lords
  4 ancient liches
  2 dread liches (Zot:5)
  4 orbs of fire
  A juggernaut (Depths:4)
  Margery (Depths:3)
  Sojobo (Depths:2)
  Bai Suzhen (Depths:1)
  Vv (Depths:2)
  2 Killer Klowns (Zot:5)
  A caustic shrike (Depths:1)
  10 golden dragons
  2 electric golems
  11 tentacled monstrosities
  A walking crystal tome (Depths:1)
  Zenata (Vaults:2)
  5 liches
  7 titans
  24 Orb Guardians
  7 quicksilver dragons
  2 deep elf master archers (Elf:3)
  4 deep elf blademasters
  10 sphinxes
  3 ancient champions
  Frances (Shoals:2)
  5 death cobs
  Kirke (D:13)
  10 shadow dragons
  Donald (Orc:2)
  12 tengu reavers
  10 storm dragons
  3 draconian monks
  3 revenants
  Aizul (Depths:1)
  5 fire giants
  4 frost giants
  2 iron dragons
  4 draconian knights
  A draconian scorcher (Zot:5)
  5 deep elf sorcerers
  6 ghost moths
  An imperial myrmidon (Desolation)
  15 vault wardens
  5 emperor scorpions (Spider:4)
  6 ghouls (Crypt:3)
  A draconian shifter (Zot:1)
  4 draconian stormcallers
  6 draconian annihilators
  A juggernaut zombie (Depths:2)
  5 deep elf elementalists (Elf:3)
  A reaper (Depths:2)
  2 spectral juggernauts (Crypt:3)
  21 ironbound preservers
  5 orc warlords
  5 curse skulls
  3 broodmothers
  12 very ugly things
  4 war gargoyles
  4 ironbound thunderhulks (Vaults:3)
  3 formless jellyfish
  6 vampire knights
  23 stone giants
  Nessos (D:13)
  2 deep elf demonologists (Elf:3)
  4 black draconians
  6 green draconians
  6 purple draconians
  2 halazid warlocks (Desolation)
  10 dire elephants
  14 spark wasps
  A minotaur (Gauntlet)
  5 red draconians
  6 yellow draconians
  7 deep elf annihilators
  A bunyip (shapeshifter) (Vaults:5)
  9 white draconians
  A blizzard demon (D:11)
  8 eidola
  6 merfolk impalers
  5 crystal guardians
  2 merfolk javelineers
  14 deep elf death magi
  A mummy priest (Crypt:3)
  8 fire dragons
  9 great orbs of eyes
  2 spectral quicksilver dragons (Crypt:3)
  15 jiangshi
  5 ettins
  6 entropy weavers
  A spriggan zombie (Depths:1)
  15 yaktaur captains
  7 deep elf high priests
  7 servants of whispers
  5 hydras
  A ragged hierophant (Desolation)
  A rakshasa (D:15)
  2 spectral spriggans (Crypt:3)
  A spectral tengu (Crypt:3)
  4 ice dragons
  A hell beast (Depths:4)
  Erolcha (Orc:2)
  An ogre mage (Vaults:4)
  37 vault guards
  A juggernaut simulacrum (Crypt:3)
  9 ironbound frosthearts
  2 radroaches
  22 centaur warriors
  5 boulder beetles
  7 peacekeepers
  A bennu zombie (Crypt:2)
  An anaconda (shapeshifter) (Vaults:5)
  A catoblepas (Lair:5)
  23 dancing weapons
  A spectral human (Crypt:3)
  4 merfolk aquamancers (Shoals:4)
  5 merfolk avatars
  4 two-headed ogres
  8 demonic crawlers
  3 satyrs (Shoals:4)
  A death yak (shapeshifter) (Vaults:4)
  9 death scarabs (Spider:4)
  A spectral stone giant (Crypt:3)
  2 alligator snapping turtles (Shoals:4)
  A sphinx skeleton (Crypt:1)
  5 tengu warriors
  An azure jelly zombie (Crypt:2)
  4 hell hogs (D:7)
  3 spriggan berserkers
  6 vampire magi
  3 orc high priests (Orc:2)
  2 spectral storm dragons (Crypt:3)
  2 spectral dire elephants (Crypt:3)
  8 deep troll shamans
  16 deep troll earth magi
  9 hell knights
  Sonja (D:11)
  A soul eater (Crypt:2)
  28 skeletal warriors
  5 shadow wraiths (Crypt:3)
  11 pharaoh ants
  A storm dragon zombie (Depths:3)
  16 deep elf knights
  3 sun demons (Shoals:2)
  7 skysharks
  5 sun moths
  Nergalle (Orc:1)
  A sixfirhy (D:12)
  16 iron trolls
  63 deep trolls
  7 sea snakes
  A death drake (shapeshifter) (Depths:4)
  2 quicksilver dragon simulacra
  6 steelbarb worms
  A shadow demon (Zot:3)
  Lodul (D:11)
  A deep troll (shapeshifter) (Vaults:5)
  2 orb spiders
  2 spectral anacondas (Crypt:3)
  4 glowing orange brains
  A golden dragon zombie (Depths:2)
  6 wizards
  A shadow dragon zombie (Depths:1)
  12 flayed ghosts
  A spectral hydra (Crypt:3)
  22 deep elf pyromancers
  4 spriggan simulacra (Crypt:3)
  2 tengu zombies
  2 wolf spider zombies (Spider:4)
  19 ironbound convokers
  12 deep elf archers
  17 harpies
  17 orc knights
  10 necromancers
  2 broodmother zombies (Spider:4)
  Pikel (D:7)
  2 harpies (shapeshifter)
  18 phantasmal warriors
  13 lindwurms
  A sphinx simulacrum (Depths:3)
  A wolf spider (shapeshifter) (Vaults:5)
  A spectral ettin (Crypt:3)
  10 manticores
  24 fauns
  25 deep elf zephyrmancers
  18 wolf spiders
  6 orc sorcerers
  36 ugly things
  7 cyclopes
  22 moths of wrath
  2 centaur zombies (D:14)
  A jorogumo skeleton (Crypt:1)
  5 merfolk sirens
  A toenail golem (D:15)
  4 guardian serpents (Desolation)
  7 elephants
  3 molten gargoyles
  7 water nymphs
  A white draconian zombie (Crypt:1)
  6 black mambas
  An orange demon (Depths:2)
  17 vault sentinels
  3 torpor snails
  A titan simulacrum (Depths:2)
  2 rust devils
  11 cane toads
  Psyche (D:11)
  An unseen horror (D:10)
  Jeremiah (D:8)
  2 spectral redbacks (Spider:4)
  5 komodo dragons
  A redback zombie (Spider:4)
  A rime drake (shapeshifter) (D:14)
  16 yaktaurs
  A dire elephant skeleton (Crypt:2)
  A tengu conjurer (D:13)
  6 guardian mummies (Crypt:3)
  A rime drake (Lair:5)
  17 freezing wraiths
  4 spectral nagas (Crypt:3)
  An efreet (D:14)
  A death yak skeleton (Crypt:3)
  An ice devil (Gauntlet)
  A golden dragon simulacrum (Depths:1)
  11 trolls
  A hellwing (Depths:2)
  A sea snake skeleton (Crypt:3)
  A harpy zombie (Crypt:1)
  2 spectral harpies (Crypt:3)
  A red devil (D:11)
  9 meliai
  A queen bee (Lair:2)
  20 merfolk
  A death drake skeleton (Crypt:2)
  34 tarantellas
  A meliai (shapeshifter) (Depths:1)
  43 saltlings
  4 spectral tarantellas (Spider:4)
  2 mana viper skeletons
  2 polar bears
  11 snapping turtles
  The ghost of lunkers the Digger, an amateur MeEE of Vehumet (D:5)
  4 hornets (Lair:3)
  A spectral jumping spider (Spider:4)
  2 jumping spider zombies (Spider:4)
  21 blink frogs
  A satyr zombie (Crypt:3)
  A tengu simulacrum (Depths:3)
  4 wind drakes
  2 raiju (Gauntlet)
  An ettin zombie (Depths:1)
  3 tarantella zombies (Spider:4)
  A guardian serpent zombie (Crypt:1)
  10 flying skulls
  2 centaur simulacra (D:14)
  33 slime creatures
  A culicivora zombie (Spider:4)
  36 jumping spiders
  A jumping spider (shapeshifter) (D:14)
  Sigmund (D:3)
  A ynoxinul (Depths:4)
  26 culicivoras
  3 shadows
  2 air elementals (Elf:2)
  12 wraiths
  An elf simulacrum (Vaults:5)
  A spriggan (Spider:1)
  2 spriggans (shapeshifter)
  2 vampires (D:14)
  An ettin skeleton (Crypt:1)
  16 humans (D:13)
  54 yaks
  A naga simulacrum (Crypt:3)
  8 wyverns
  34 water elementals
  A neqoxec (Depths:2)
  Eustachio (D:4)
  A hog (shapeshifter) (Depths:1)
  A steam dragon (Lair:5)
  2 hogs (D:13)
  A redback (shapeshifter) (Vaults:5)
  75 redbacks
  7 basilisks
  7 vampire mosquitoes
  Menkaure (D:5)
  5 wargs
  3 acid dragons
  A merfolk zombie (Crypt:1)
  A glowing shapeshifter skeleton (Vaults:5)
  5 hell hounds (Lair:5)
  4 human skeletons
  8 water moccasins
  A sky beast (D:7)
  36 orc warriors
  A black bear (shapeshifter) (D:14)
  5 black bears
  2 boggarts
  An ettin simulacrum (Crypt:3)
  10 ogres
  An ice beast (D:6)
  A manticore zombie (Crypt:3)
  10 centaurs
  3 wolves
  A phantom (D:6)
  4 lemures
  A gnoll sergeant (D:8)
  11 bullfrogs
  3 earth elementals
  4 necrophages (Crypt:3)
  5 scorpions
  A human simulacrum (Depths:1)
  10 wights
  A troll zombie (Crypt:3)
  32 killer bees
  4 electric eels
  2 howler monkeys
  5 lava snakes (Lair:5)
  A wolf skeleton (Crypt:2)
  15 orc priests
  A jelly (D:6)
  6 hounds
  A sleepcap (D:4)
  A boggart zombie (D:14)
  4 iguanas
  Natasha (thrice) (D:4)
  30 orc wizards
  4 hell rats (Lair:3)
  A lightning spire (Gauntlet)
  A hound skeleton (Crypt:3)
  9 adders
  9 gnolls
  A river rat (D:3)
  4 white imps
  An ufetubus (D:6)
  A jelly zombie (Crypt:1)
  6 worms
  4 dart slugs
  71 orcs
  5 ball pythons
  5 bats
  8 endoplasms
  10 giant cockroaches
  2 goblins
  6 hobgoblins
  13 jackals
  8 quokkas
  6 frilled lizards
  A frilled lizard zombie (Crypt:3)
  A giant cockroach zombie (Crypt:1)
  5 kobolds
  9 rats
  A river rat zombie (Crypt:3)
  A ballistomycete spore (Orc:1)
  2 butterflies (Lair:1)
2328 creatures vanquished.

Vanquished Creatures (collateral kills)
  A vault warden (Vaults:5)
  A very ugly thing (Vaults:5)
  A deep elf death mage (Vaults:5)
  A demonic crawler (Spider:2)
  2 orc knights (Vaults:4)
  A tarantella (Spider:2)
  A jumping spider (Spider:2)
  A yak (D:10)
  A redback (Spider:2)
  A killer bee (D:5)
  An adder (D:3)
  6 orcs (D:3)
  A goblin (D:3)
  A ball python (D:1)
  A kobold (D:1)
  50 ballistomycete spores
71 creatures vanquished.

Vanquished Creatures (others)
  A fire giant (Vaults:5)
  A ghost moth (Spider:4)
  A draconian stormcaller (Zot:1)
  A deep elf zephyrmancer (Elf:1)
  A warg (D:10)
  3 killer bees (D:5)
  A sleepcap (D:6)
  A white imp (D:6)
  2 jackals (D:1)
  A kobold (D:1)
  2 ballistomycete spores
15 creatures vanquished.

Grand Total: 2414 creatures vanquished

Notes
Turn   | Place    | Note
-------+----------+-------------------------------------------
     0 | D:1      | questionabletactics the Merfolk Artificer began the quest
                  | for the Orb.
     0 | D:1      | Reached XP level 1. HP: 15/15 MP: 1/1
   188 | D:1      | Reached XP level 2. HP: 21/21 MP: 2/2
   726 | D:1      | Reached XP level 3. HP: 15/26 MP: 3/3
  1124 | D:2      | Reached skill level 1 in Long Blades
  1388 | D:2      | Reached skill level 3 in Dodging
  1388 | D:2      | Reached XP level 4. HP: 32/32 MP: 4/4
  2046 | D:3      | Reached skill level 1 in Short Blades
  2068 | D:3      | Reached XP level 5. HP: 17/37 MP: 5/5
  2091 | D:3      | Noticed Sigmund
  2203 | D:3      | Found a glowing drain.
  2211 | Sewer    | Entered a sewer
  2262 | Sewer    | Noticed a water moccasin
  2345 | Sewer    | Killed a water moccasin
  2346 | Sewer    | Reached skill level 4 in Dodging
  2346 | Sewer    | Reached XP level 6. HP: 46/46 MP: 6/6
  2450 | D:3      | Killed Sigmund
  2451 | D:3      | Reached skill level 5 in Dodging
  2451 | D:3      | Reached XP level 7. HP: 52/52 MP: 7/7
  2458 | D:3      | Found an iron altar of Okawaru.
  2839 | D:4      | Reached skill level 6 in Dodging
  2855 | D:4      | Found a staircase to the Ecumenical Temple.
  2867 | Temple   | Entered the Ecumenical Temple
  2877 | Temple   | Became a worshipper of Fedhas Madash
  3145 | D:4      | Noticed Natasha
  3159 | D:4      | Killed Natasha
  3210 | D:4      | Noticed Eustachio
  3297 | D:4      | Found Wisaelac's Antique Armour Shoppe.
  3304 | D:4      | Bought a glowing helmet for 232 gold pieces
  3401 | D:4      | Noticed Natasha
  3412 | D:4      | Killed Natasha
  3664 | D:4      | Reached skill level 5 in Short Blades
  3803 | D:5      | Entered Level 5 of the Dungeon
  3806 | D:5      | Reached * piety under Fedhas
  3819 | D:4      | Reached skill level 7 in Dodging
  3834 | D:4      | Noticed Natasha
  3846 | D:4      | Killed Natasha
  3880 | D:5      | Noticed Menkaure
  3884 | D:5      | Killed Menkaure
  3885 | D:5      | Reached skill level 8 in Dodging
  3885 | D:5      | Reached XP level 8. HP: 60/60 MP: 8/8
  3994 | D:5      | Reached skill level 9 in Dodging
  4057 | D:5      | You fall into a shaft and drop 1 floor!
  4112 | D:5      | Found a runed translucent door.
  4112 | D:5      | Noticed lunkers's ghost (amateur MeEE)
  4360 | D:5      | Reached skill level 5 in Fighting
  4374 | D:5      | Found a runed translucent door.
  4375 | D:5      | Noticed Crazy Yiuf
  4639 | D:6      | Reached skill level 1 in Invocations
  4929 | D:6      | Learned a level 3 spell: Frozen Ramparts
  4999 | D:6      | Reached skill level 1 in Spellcasting
  4999 | D:6      | Reached skill level 1 in Ice Magic
  5307 | D:2      | Reached ** piety under Fedhas
  5308 | D:2      | Reached XP level 9. HP: 65/68 MP: 11/11
  5438 | D:4      | Killed Eustachio
  5556 | D:6      | Noticed a troll
  5925 | D:6      | Learned a level 1 spell: Freeze
  6266 | D:7      | Reached skill level 5 in Ice Magic
  6446 | D:7      | Noticed Pikel
  6882 | D:7      | Killed Pikel
  7155 | D:7      | Reached XP level 10. HP: 56/74 MP: 16/16
  7348 | D:8      | Noticed Jeremiah
  7448 | D:8      | Reached skill level 5 in Stealth
  7727 | D:8      | Reached skill level 1 in Shields
  7862 | D:8      | Reached *** piety under Fedhas
  8362 | D:9      | Identified a scroll of acquirement
  8587 | D:9      | Reached skill level 5 in Invocations
  8934 | D:10     | Entered Level 10 of the Dungeon
  8938 | D:10     | Identified the +2 chain mail of Repulsion {rElec rPois
                  | Str-5}
  9031 | D:9      | Reached skill level 10 in Dodging
  9336 | D:10     | Reached skill level 11 in Dodging
  9566 | D:10     | Killed an unseen horror
  9680 | D:10     | Found a hazy altar of Hepliaklqana.
  9683 | D:10     | Found a bloodstained altar of Trog.
  9787 | D:10     | Found an ornate altar of the Wu Jian Council.
  9893 | D:10     | Found a staircase to the Lair.
  9953 | D:10     | Reached XP level 11. HP: 80/80 MP: 17/17
 10359 | Lair:1   | Entered Level 1 of the Lair of Beasts
 10733 | Lair:1   | Reached **** piety under Fedhas
 11007 | Lair:1   | Reached skill level 10 in Short Blades
 12365 | Lair:2   | Noticed a boulder beetle
 12391 | Lair:2   | Killed a boulder beetle
 12436 | Lair:2   | Found a hole to the Spider Nest.
 12696 | Lair:2   | Found a staircase to the Shoals.
 12899 | Lair:2   | Reached ***** piety under Fedhas
 12900 | Lair:2   | Reached XP level 12. HP: 53/91 MP: 9/18
 13809 | Lair:3   | Noticed a four-headed hydra
 13815 | Lair:3   | Reached skill level 12 in Dodging
 13831 | Lair:3   | Killed a four-headed hydra
 13832 | Lair:3   | Reached skill level 5 in Shields
 14597 | Lair:3   | Reached skill level 13 in Dodging
 15446 | Lair:4   | Reached skill level 14 in Dodging
 15472 | Lair:4   | Identified the +10 quarterstaff "Jop Doom" {freeze, rC+
                  | Str+2 Dex-5}
 15609 | Lair:4   | Reached XP level 13. HP: 96/101 MP: 14/19
 15973 | Lair:5   | Entered Level 5 of the Lair of Beasts
 15973 | Lair:5   | Found a staircase to the Slime Pits.
 16008 | Lair:5   | Reached skill level 5 in Evocations
 16091 | Lair:5   | Reached skill level 10 in Fighting
 16894 | Lair:5   | Reached skill level 10 in Invocations
 17017 | Lair:5   | Found a large runed translucent door.
 17017 | Lair:5   | Noticed a fire dragon
 17019 | Lair:5   | Found a large runed translucent door.
 17059 | Lair:5   | Reached ****** piety under Fedhas
 17533 | Lair:5   | Reached skill level 15 in Dodging
 18023 | D:4      | Bought a distressingly furry scarf for 310 gold pieces
 18023 | D:4      | Identified the scarf of Orthodoxy {shadows, MP+9 Int+2
                  | Stlth+} (You bought it in a shop on level 4 of the Dungeon)
 18028 | D:4      | Bought a pair of boots for 139 gold pieces
 18091 | D:5      | Killed lunkers's ghost
 18337 | D:8      | Killed Jeremiah
 18625 | D:11     | Noticed Sonja
 18631 | D:11     | Killed Sonja
 18758 | D:11     | Reached XP level 14. HP: 103/115 MP: 22/22
 19083 | D:11     | Found a hide-covered altar of Uskayaw.
 19124 | D:11     | Noticed Psyche
 19128 | D:11     | Noticed Lodul
 19130 | D:11     | Killed Psyche
 19139 | D:11     | Killed Lodul
 19309 | D:12     | Found a staircase to the Orcish Mines.
 20259 | Orc:1    | Entered Level 1 of the Orcish Mines
 20466 | Orc:1    | Noticed Nergalle
 20484 | Orc:1    | Killed Nergalle
 21131 | Orc:2    | Entered Level 2 of the Orcish Mines
 21405 | Orc:2    | Noticed an orc warlord
 21413 | Orc:2    | Killed an orc warlord
 21521 | Orc:2    | Found a staircase to the Elven Halls.
 21523 | Orc:2    | Noticed an orc warlord
 21524 | Orc:2    | Noticed a green very ugly thing
 21677 | Orc:2    | Found a transporter.
 21715 | Orc:2    | Found a transporter.
 21808 | Orc:2    | Noticed Donald
 21815 | Orc:2    | Killed Donald
 21862 | Orc:2    | Noticed Erolcha
 21869 | Orc:2    | Killed Erolcha
 21935 | Orc:2    | Found Ohurelot's Antique Weapon Emporium.
 22290 | Orc:2    | Noticed Psyclone's ghost (journeyman DECj)
 22438 | Orc:2    | Paralysed by an orc sorcerer for 4 turns
 22527 | Orc:2    | Reached skill level 5 in Long Blades
 22710 | Orc:2    | Found Dyewkac's Book Emporium.
 22719 | Orc:2    | Found Xeamuqack's General Store.
 22720 | Orc:2    | Found Ydghimoo's Jewellery Shop.
 22747 | Orc:2    | Bought the ring "Deghifu" {Fly rF+ Str+6 Dex+5 Slay+3} for
                  | 752 gold pieces
 22852 | Orc:2    | Acquired 830 gold pieces
 22948 | Orc:2    | Bought the +7 captain's cutlass {speed, disarm} for 1242
                  | gold pieces
 22948 | Orc:2    | Found the +7 captain's cutlass {speed, disarm}
 23180 | D:13     | Noticed Kirke
 23204 | D:13     | Killed Kirke
 23295 | D:13     | Reached skill level 10 in Shields
 23332 | D:13     | Reached XP level 15. HP: 82/120 MP: 23/23
 23570 | D:13     | Noticed Nessos
 23575 | D:13     | Found a gate to the Vaults.
 23594 | D:13     | Killed Nessos
 24348 | D:14     | Acquired a manual of Stealth
 25273 | D:14     | Reached skill level 10 in Stealth
 25384 | D:15     | Entered Level 15 of the Dungeon
 25433 | D:15     | Found a gate leading to a gauntlet.
 25441 | Gauntlet | Entered a Gauntlet
 25441 | Gauntlet | Found a large runed translucent door.
 25441 | Gauntlet | Found a large runed translucent door.
 25441 | Gauntlet | Found a large runed translucent door.
 25441 | Gauntlet | Found a large runed translucent door.
 25441 | Gauntlet | Found a runed translucent door.
 25441 | Gauntlet | Found a large runed translucent door.
 25441 | Gauntlet | Found a large runed translucent door.
 25441 | Gauntlet | Found a large runed translucent door.
 25441 | Gauntlet | Found a large runed translucent door.
 25441 | Gauntlet | Found a runed translucent gate.
 25448 | Gauntlet | Found a transporter.
 25448 | Gauntlet | Found a runed translucent gate.
 25448 | Gauntlet | Found a transporter.
 25457 | Gauntlet | Found a transporter.
 25461 | Gauntlet | Found a transporter.
 25470 | Gauntlet | Found a transporter.
 25517 | Gauntlet | Found a runed translucent gate.
 25518 | Gauntlet | Found a large runed translucent door.
 25518 | Gauntlet | Found a large runed translucent door.
 25519 | Gauntlet | Found a large runed translucent door.
 25520 | Gauntlet | Found a large runed translucent door.
 25521 | Gauntlet | Found a large runed translucent door.
 25521 | Gauntlet | Found a large runed translucent door.
 25521 | Gauntlet | Found a runed translucent door.
 25522 | Gauntlet | Found a large runed translucent door.
 25523 | Gauntlet | Found a large runed translucent door.
 25525 | Gauntlet | Found a transporter.
 25545 | Gauntlet | Found a transporter.
 25561 | Gauntlet | Found a transporter.
 25564 | Gauntlet | Found a transporter.
 25575 | Gauntlet | Found a transporter.
 25578 | Gauntlet | Found a transporter.
 25589 | Gauntlet | Found a transporter.
 25782 | Gauntlet | Identified the ring of Jeughue {MP+9 Stlth+}
 25803 | Gauntlet | Found the +3 robe of Clouds {*Thunder rCloud rElec}
 25889 | D:15     | Found a runed translucent gate.
 25889 | D:15     | Found a runed translucent gate.
 25889 | D:15     | Found a runed translucent gate.
 25896 | D:15     | Noticed a frost giant
 26294 | D:15     | Found a shadowy altar of Dithmenos.
 26350 | D:15     | Reached XP level 16. HP: 125/126 MP: 24/24
 26444 | D:15     | Found a staircase to the Depths.
 26755 | D:15     | Identified the -8 robe of Proximity {Str+3 Int+5}
 26757 | D:15     | Noticed Etsiduud's ghost (journeyman MiFi)
 27437 | Shoals:1 | Entered Level 1 of the Shoals
 27697 | Shoals:1 | Reached skill level 15 in Stealth
 28018 | Shoals:1 | Found Nostah's Vocational Training.
 28575 | Shoals:2 | Noticed Frances
 28778 | Shoals:2 | Killed Frances
 30456 | Shoals:4 | Entered Level 4 of the Shoals
 30485 | Shoals:4 | Reached XP level 17. HP: 136/136 MP: 26/26
 30740 | Shoals:4 | Identified the +0 scale mail "Soovot" {Str+3 Stlth+}
 31251 | Shoals:4 | Got a barnacled rune of Zot
 31548 | Shoals:4 | Identified the ring of Fedhas's Hope {rC+ Will+ Int+3}
 31838 | Shoals:4 | Reached skill level 15 in Shields
 32112 | Vaults:1 | Entered Level 1 of the Vaults
 32778 | Vaults:1 | Found Esyec's General Store.
 33197 | Vaults:1 | Reached XP level 18. HP: 134/143 MP: 28/28
 33896 | Vaults:2 | Found Ycatrogg's Assorted Antiques.
 34241 | Vaults:2 | Paralysed by a great orb of eyes for 2 turns
 34276 | Vaults:2 | Noticed Zenata
 34354 | Vaults:2 | Killed Zenata
 35181 | Vaults:3 | Reached skill level 16 in Dodging
 35223 | Vaults:3 | Found the +4 Cigotuvi's embrace {Corpsefed rMiasma Drain
                  | rN+}
 35236 | Vaults:3 | Found a flickering gateway to a bazaar.
 35241 | Bazaar   | Entered a bazaar
 35241 | Bazaar   | Found Jyishrus's Jewellery Shop.
 35241 | Bazaar   | Found Atorph's Antique Armour Shop.
 35241 | Bazaar   | Found Noetay Jufam's Antique Armour Boutique.
 35254 | Bazaar   | Bought a pair of glowing gloves for 105 gold pieces
 35254 | Bazaar   | Bought a faintly humming leather armour for 98 gold pieces
 35254 | Bazaar   | Identified the +1 leather armour of the Poles {+Blink rC+
                  | SInv} (You bought it in a shop in a bazaar)
 35494 | Vaults:3 | Reached skill level 17 in Dodging
 35517 | Vaults:3 | Found a staircase to the Crypt.
 35711 | Vaults:3 | Reached XP level 19. HP: 149/149 MP: 29/29
 35920 | Vaults:3 | Reached skill level 18 in Dodging
 36814 | Vaults:3 | Paralysed by a sphinx for 5 turns
 37534 | Vaults:4 | Noticed an ancient lich
 38587 | Elf:1    | Entered Level 1 of the Elven Halls
 38625 | Elf:1    | Reached skill level 19 in Dodging
 38686 | Elf:1    | Reached XP level 20. HP: 157/159 MP: 30/30
 38714 | Elf:1    | Got an upside-down book
 38748 | Elf:1    | Found a crumbling gateway.
 38764 | Desolati | Entered the Desolation of Salt
 38897 | Desolati | Identified the +2 leather armour of the Elven Halls {+Blink
                  | Will+ Dex-3 SInv}
 38898 | Desolati | Identified the +7 war axe "Soroc" {protect, rC+ Int+6}
 38900 | Desolati | Got a colourful book
 39110 | Desolati | Identified the +1 ring mail "Xuach" {*Slow Str+8}
 39338 | Desolati | Reached skill level 20 in Dodging
 39417 | Desolati | Reached skill level 10 in Ice Magic
 39639 | Desolati | Identified the ring "Jootial" {rElec rPois rF++ AC+4 Str-2}
 39702 | Desolati | Identified the +4 long sword "Osarum" {venom, Str+2}
 39716 | Desolati | Got a foxed book
 39725 | Desolati | Identified the ring of Mexixt {Will+ Str+3}
 40119 | Elf:1    | Identified the +5 gold dragon scales of Ignis's Approval
                  | {Rampage rPois rF+ rC+ Str+2 Slay+3}
 40187 | Elf:1    | Paralysed by an orc sorcerer for 5 turns
 40427 | Elf:1    | Learned a level 2 spell: Ensorcelled Hibernation
 41270 | Elf:2    | Paralysed by an air elemental for 1 turns
 41273 | Elf:2    | Reached skill level 15 in Invocations
 41623 | Elf:2    | Found a runed translucent gate.
 41624 | Elf:2    | Found a runed translucent gate.
 41624 | Elf:2    | Found a runed translucent gate.
 42388 | Spider:1 | Entered Level 1 of the Spider Nest
 42678 | Spider:1 | Identified the ring of Wecian {rElec rPois}
 42682 | Spider:1 | Reached XP level 21. HP: 167/167 MP: 32/32
 43868 | Spider:2 | Identified the +8 long sword "Yxostistu" {flame, *Noise
                  | rElec Will+++ Int-4}
 44101 | Spider:2 | Reached skill level 15 in Fighting
 44565 | Spider:3 | Identified the +0 long sword of Dithmenos's Supremacy
                  | {heavy, rElec}
 44704 | Spider:4 | Entered Level 4 of the Spider Nest
 46451 | Spider:4 | Reached XP level 22. HP: 180/183 MP: 34/34
 46530 | Spider:4 | Identified the +0 pair of gloves "Apnaagity" {rN+ rCorr
                  | Int+3}
 46548 | Spider:4 | Got a gossamer rune of Zot
 46916 | Elf:3    | Entered Level 3 of the Elven Halls
 47176 | Elf:3    | Found Zifaepp's Armour Emporium.
 47424 | Elf:3    | Noticed Roxanne
 47750 | Depths:1 | Entered Level 1 of the Depths
 48103 | Depths:1 | Identified the +2 trident "Jellybane" {freeze, rCorr}
 48226 | Depths:1 | Reached skill level 10 in Long Blades
 48315 | Depths:1 | Found a gateway to Hell.
 48670 | Depths:1 | Noticed Aizul
 48676 | Depths:1 | Killed Aizul
 48834 | Depths:1 | Found the +5 Lochaber axe {reach-cleave, Poleaxe Drain}
 48902 | Depths:1 | Found Mitier's Magic Scroll Emporium.
 48908 | Depths:1 | Bought a scroll of acquirement for 832 gold pieces
 48909 | Depths:1 | Acquired 721 gold pieces
 49355 | Depths:1 | Noticed Bai Suzhen
 49363 | Depths:1 | Killed Bai Suzhen
 49572 | Depths:1 | Noticed a caustic shrike
 49586 | Depths:1 | Killed a caustic shrike
 49861 | Depths:1 | Found the +5 glaive of the Guard {elec, spectral}
 50012 | Depths:1 | Found a portal to a secret trove of treasure.
 50061 | Depths:2 | Noticed Sojobo
 50245 | Depths:2 | Noticed Vv
 50256 | Depths:2 | Killed Vv
 50499 | Depths:2 | Reached XP level 23. HP: 190/190 MP: 35/35
 50744 | Depths:2 | Killed Sojobo
 50762 | Depths:2 | Found a one-way gateway to a ziggurat.
 51233 | Depths:2 | Found a one-way gate leading to the halls of Pandemonium.
 51502 | Depths:3 | Found a one-way gate to the infinite horrors of the Abyss.
 51585 | Depths:3 | Reached skill level 21 in Dodging
 52117 | Depths:3 | Reached skill level 22 in Dodging
 52193 | Depths:3 | Noticed Margery
 52206 | Depths:3 | Killed Margery
 52378 | Depths:4 | Entered Level 4 of the Depths
 52689 | Depths:4 | Noticed a juggernaut
 52755 | Depths:4 | Killed a juggernaut
 53132 | Depths:4 | Noticed a golden dragon
 53150 | Depths:4 | Killed a golden dragon
 53160 | Depths:4 | Found a gate to the Realm of Zot.
 53469 | Depths:4 | Reached XP level 24. HP: 199/201 MP: 35/35
 53966 | Crypt:1  | Entered Level 1 of the Crypt
 56106 | Crypt:3  | Entered Level 3 of the Crypt
 56458 | Crypt:3  | Reached skill level 23 in Dodging
 57046 | Crypt:3  | Reached skill level 24 in Dodging
 57908 | Crypt:3  | Found a staircase to the Tomb.
 57995 | Crypt:3  | Found the +7 great mace "Undeadhunter" {deathbane, rN+}
 58075 | Crypt:3  | Identified the ring "Unker" {rF- rN+ Str+3}
 58152 | Crypt:3  | Reached skill level 25 in Dodging
 58458 | Elf:3    | Reached XP level 25. HP: 194/201 MP: 35/35
 58973 | Elf:3    | Identified the amulet of the Firefly {Faith rN+ Str+5
                  | Int+3}
 59364 | Elf:3    | Reached skill level 26 in Dodging
 59511 | Elf:3    | Identified the amulet of Wedej {Faith rF++ Int-5 Dex+4}
 59904 | Elf:3    | Identified the staff of Demonkind {Contam rPois Will+ rCorr
                  | Dex+8 Poison}
 60009 | Elf:3    | Identified the +1 pair of gloves of Bipuor {*Slow MP+9
                  | Str+6}
 60770 | Vaults:4 | Killed an ancient lich
 61022 | Vaults:5 | Entered Level 5 of the Vaults
 61065 | Vaults:4 | Reached skill level 27 in Dodging
 61221 | Vaults:5 | Identified the +9 halberd of the Viny God {flame, Fly rCorr
                  | Int-2 Dex+8}
 61222 | Vaults:5 | Identified the staff "Eloiw" {rC+ rN+ Will+ Int-3 Necro}
 61265 | Vaults:5 | Identified the +0 mace of Bile {venom, Str+5 Dex-4 Stlth+}
 61275 | Vaults:5 | Identified the +5 trident of the Fulmar {heavy, Str+4
                  | Int-3}
 61569 | Vaults:5 | Noticed an ancient lich
 61574 | Vaults:5 | Killed an ancient lich
 62374 | Vaults:5 | Reached XP level 26. HP: 212/223 MP: 35/35
 62513 | Vaults:5 | Found Igablaec's Book Shoppe.
 62519 | Vaults:5 | Identified the +2 plate armour of Sorcery {+Inv rPois Int+3
                  | Slay+3}
 62526 | Vaults:5 | Identified the +5 hand axe "Jieding" {flame, Int+2}
 62921 | Vaults:5 | Got a moth-eaten book
 63034 | Vaults:5 | Got a silver rune of Zot
 63040 | Vaults:5 | Noticed an ancient lich
 63046 | Vaults:5 | Killed an ancient lich
 63243 | Vaults:5 | Noticed an ancient lich
 63250 | Vaults:5 | Killed an ancient lich
 64040 | Vaults:2 | Bought a potion of haste for 310 gold pieces
 64040 | Vaults:2 | Bought a potion of resistance for 310 gold pieces
 64447 | Zot:1    | Entered Level 1 of the Realm of Zot
 64487 | Zot:1    | Reached skill level 1 in Armour
 64783 | Zot:1    | Noticed an orb of fire
 64788 | Zot:1    | Killed an orb of fire
 65031 | Zot:1    | Reached skill level 5 in Armour
 66075 | Zot:3    | Noticed an orb of fire
 66076 | Zot:3    | Gained mutation: You are vulnerable to cold. (rC-) [an orb
                  | of fire]
 66233 | Zot:2    | Lost mutation: You are vulnerable to cold. (rC-) [potion of
                  | mutation]
 66233 | Zot:2    | Gained mutation: Your flesh is cold resistant. (rC+)
                  | [potion of mutation]
 66233 | Zot:2    | Gained mutation: Your muscles are strong. (Str +4, Int/Dex
                  | -1) [potion of mutation]
 66233 | Zot:2    | Gained mutation: You occasionally lose the ability to read
                  | scrolls when taking damage. [potion of mutation]
 66233 | Zot:2    | Gained mutation: You have a pair of small horns on your
                  | head. [potion of mutation]
 66234 | Zot:2    | Lost mutation: You have a pair of small horns on your head.
                  | [potion of mutation]
 66234 | Zot:2    | Lost mutation: Your flesh is cold resistant. (rC+) [potion
                  | of mutation]
 66234 | Zot:2    | Lost mutation: Your muscles are strong. (Str +4, Int/Dex
                  | -1) [potion of mutation]
 66234 | Zot:2    | Gained mutation: You are robust. (+10% HP) [potion of
                  | mutation]
 66234 | Zot:2    | Gained mutation: Your spells are a little harder to cast,
                  | but a little more powerful. [potion of mutation]
 66234 | Zot:2    | Gained mutation: You possess an exceptional clarity of
                  | mind. [potion of mutation]
 66254 | Zot:3    | Gained mutation: You are dopey. (Int -2) [an orb of fire]
 66264 | Zot:3    | Killed an orb of fire
 66491 | Zot:3    | Reached XP level 27. HP: 261/261 MP: 35/35
 66713 | Zot:5    | Entered Level 5 of the Realm of Zot
 66796 | Zot:5    | Reached skill level 10 in Armour
 67021 | Zot:5    | Noticed a dread lich
 67045 | Zot:5    | Killed a dread lich
 67067 | Zot:5    | Noticed an orb of fire
 67069 | Zot:5    | Noticed an orb of fire
 67072 | Zot:5    | Gained mutation: You are weak. (Str -2) [an orb of fire]
 67078 | Zot:5    | Noticed a dread lich
 67078 | Zot:5    | Gained mutation: Armour fits poorly on your strangely
                  | shaped body. [an orb of fire]
 67083 | Zot:5    | Killed an orb of fire
 67089 | Zot:5    | Killed a dread lich
 67093 | Zot:5    | Gained mutation: You are clumsy. (Dex -2) [an orb of fire]
 67102 | Zot:5    | Gained mutation: You occasionally lose the ability to drink
                  | potions when taking damage. [an orb of fire]
 67103 | Zot:5    | Gained mutation: You are vulnerable to heat. (rF-) [an orb
                  | of fire]
 67107 | Zot:5    | Gained mutation: You sometimes lose the ability to read
                  | scrolls when taking damage. [an orb of fire]
 67108 | Zot:5    | Killed an orb of fire
 67159 | Zot:5    | Lost mutation: You are weak. (Str -2) [potion of mutation]
 67159 | Zot:5    | Lost mutation: You are vulnerable to heat. (rF-) [potion of
                  | mutation]
 67159 | Zot:5    | Lost mutation: You possess an exceptional clarity of mind.
                  | [potion of mutation]
 67159 | Zot:5    | Lost mutation: Armour fits poorly on your strangely shaped
                  | body. [potion of mutation]
 67160 | Zot:5    | Lost mutation: You are robust. (+10% HP) [potion of
                  | mutation]
 67160 | Zot:5    | Lost mutation: You are dopey. (Int -2) [potion of mutation]
 67160 | Zot:5    | Gained mutation: You are dopey. (Int -2) [potion of
                  | mutation]
 67161 | Zot:5    | Lost mutation: You are dopey. (Int -2) [potion of mutation]
 67161 | Zot:5    | Lost mutation: You occasionally lose the ability to drink
                  | potions when taking damage. [potion of mutation]
 67161 | Zot:5    | Lost mutation: You sometimes lose the ability to read
                  | scrolls when taking damage. [potion of mutation]
 67161 | Zot:5    | Gained mutation: You have an increased reservoir of magic.
                  | (+10% MP) [potion of mutation]
 67161 | Zot:5    | Gained mutation: Your mind is acute. (Int +4, Str/Dex -1)
                  | [potion of mutation]
 67161 | Zot:5    | Gained mutation: You are partially covered in large bone
                  | plates. (SH +4) [potion of mutation]
 67801 | Zot:5    | Got the Orb of Zot
 67926 | Zot:3    | Noticed Voneeqim the pandemonium lord
 68000 | Zot:1    | Noticed Counufea the pandemonium lord
 68031 | Depths:4 | Killed Counufea the pandemonium lord
 68096 | Depths:4 | Noticed Domuset the pandemonium lord
 68317 | D:12     | Noticed Irogushricu the pandemonium lord
 68335 | D:11     | Killed Irogushricu the pandemonium lord
 68498 | D:$      | Escaped with the Orb!

Illustrated notes

Levels and vault maps discovered:
D:1:      tarquinn_simple_flora_water_e, layout_basic
D:2:      layout_basic, minmay_circled_x
D:3:      layout_rooms, okawaru_trees_2, gup_sewer_entry_bubbles,
          grunt_ministairs_10, uniq_sigmund
D:4:      layout_basic, minmay_temple_entry_stoned_glass, serial_shops,
          nicolae_stop_n_shop_2, uniq_natasha, uniq_eustachio
D:5:      layout_cave_pools, hellmonk_ghost_happy_afterlife,
          uniq_crazy_yiuf_cottage, uniq_menkaure
D:6:      minmay_cornered_nines, layout_cave_pools, minmay_fountain_box
D:7:      layout_cave_pools, uniq_pikel
D:8:      layout_loops_ring, uniq_jeremiah
D:9:      layout_rooms, chequers_mini_garden
D:10:     layout_irregular_city, nicolae_overflow_squiral,
          kennysheep_little_box, erik_lair_orcish_takeover
D:11:     layout_basic, dancing_weapons_uskayaw, uniq_sonja, uniq_psyche,
          uniq_lodul
D:12:     layout_roguey, orc_0_dummy
D:13:     layout_long_grid, david_vaults_3, uniq_kirke
D:14:     minmay_box_of_statues, layout_irregular_city, serial_undead,
          serial_undead_d, serial_undead_c, serial_undead_b, serial_undead_b,
          serial_undead_c
D:15:     grunt_enter_depths_hoard, layout_long_grid, gauntlet_entry_generic,
          gammafunk_ghost_fury_of_okawaru, hangedman_decor_growths,
          grunt_dithmenos_smoke, uniq_nessos
Temple:   mainiacjoe_temple_bowtie_tessellation
Lair:1:   layout_loops_ring, beast_lair_carwin_9, lemuel_fruit_fields
Lair:2:   layout_cave_pods, minmay_shoals_entry_hut,
          nicolae_spider_entry_non_spiders, special_room [special_room_bee],
          serial_bayou_pond_d
Lair:3:   layout_misc_corridors, dreamdust_wasp_nest
Lair:4:   layout_misc_corridors, chequers_serial_rivers_marsh
Lair:5:   cheibrodos_lair_end_hotspot, layout_regular_city, slime_entry_1
Shoals:1: layout_shoals, nicolae_shop_vocational
Shoals:2: layout_shoals, nicolae_shoals_bring_sunscreen, uniq_frances
Shoals:3: layout_shoals
Shoals:4: shoals_end_grunt_garden, layout_shoals, nicolae_shoals_water_shrine
Spider:1: layout_spider_delve, nicolae_spider_circle_web
Spider:2: layout_spider_delve
Spider:3: layout_spider_delve
Spider:4: floodkiller_spider_rune_tomb, nicolae_spider_cling_ruins,
          nicolae_spider_bzzzt
Orc:1:    nicolae_orc_accident_1, layout_caves, mines3_lemuel, uniq_nergalle
Orc:2:    st_orc_elflike, layout_diamond_mine, gammafunk_ghost_abyssal_escape,
          nicolae_orc_damp_corner, uniq_donald, uniq_erolcha
Elf:1:    elf_arrival_001, layout_geoelf_octagon,
          portal_desolation_entry_nicolae_nacl, minmay_elf_annihilation
Elf:2:    nicolae_elf_blades_crystal_corner, layout_loops_cross,
          amcnicky_mini_rare_corridor_liquid, minmay_misc_feat_diagonals,
          guppyfry_elf_castle
Elf:3:    minmay_elf_hall_dome, layout_geoelf_grid, serial_shops, shop,
          uniq_roxanne
Vaults:1: hangedman_vaults_impose, nicolae_vaults_ninety_degrees,
          v_alt_pattern_5, v_misc_3, v_misc_9, layout_vaults_omnigrid,
          serial_shops, nicolae_shop_real_fake_doors
Vaults:2: nicolae_vaults_frosty_reception, nicolae_vaults_network_barrier,
          v_misc_17, nicolae_vaults_network_star, vaults_dpeg_emergency_exit,
          vaults_dpeg_cross, vaults_room_pool, grunt_vaults_swirl,
          vaults_room_fancy_cross, nicolae_vaults_trapezoid_1,
          nicolae_vaults_theta, layout_vaults_omnibox, serial_shops, shop,
          uniq_zenata
Vaults:3: minmay_crypt_entry_simple_corners, ontoclasm_vaults_ring_large,
          vaults_mumra_chevron, nicolae_vaults_sightless_eye,
          vaults_room_stairs_pillars, nicolae_vaults_murder_corner, v_misc_4,
          v_pattern_2, nicolae_vaults_weapon_check, ontoclasm_vaults_idyll,
          nicolae_vaults_door_testing_chamber, nicolae_vaults_sesquioval_fish,
          nicolae_vaults_trapezoid_2, layout_vaults_ring, serial_shops,
          bzr_entry_road
Vaults:4: v_rooms_3, nicolae_vaults_security_offices_3,
          nicolae_vaults_storage_closets_3, v_misc_24,
          nicolae_vaults_storage_closets_2, vaults_mumra_minichess,
          ontoclasm_vaults_fault, nicolae_vaults_layer_cake_slice,
          nicolae_vaults_mitosis, nicolae_vaults_oval_intersection,
          layout_vaults_omnicross
Vaults:5: serial_shops
Crypt:1:  layout_misc_corridors, serial_sigils_hangedman_gnaw,
          grunt_crypt_arrival_webbed, grunt_megastairs_1
Crypt:2:  layout_gridlike
Crypt:3:  due_elkab, layout_chaotic_city, tomb_entry_shell_bobbens
Depths:1: minmay_guarded_unrand_guard, layout_gridlike, serial_shops, shop,
          enter_trove_5, minmay_misc_feat_iff, pf_vacation_house_of_asmodeus,
          chequers_serial_rivers_large_a, minmay_checkered_concentric_circles,
          uniq_bai_suzhen, uniq_aizul
Depths:2: nicolae_cairo_tiling_large, layout_cave_shapes, enter_ziggurat_e,
          hell_entry, rand_demon_pan_entry_9, minmay_misc_feat_secret_circle,
          hangedman_abyss_or_decor_clamps, uniq_sojobo, uniq_vv
Depths:3: minmay_glassy_protrusions, layout_cave_pools, abyss_entry,
          infiniplex_staircase_star, grunt_metal_band
Depths:4: grunt_zot_entry_gee_three, layout_cave_shapes, pf_coc_iceberg,
          pan_entry, serial_bayou, serial_bayou_pond_b, serial_bayou_pond_a,
          serial_bayou_lagoon_b, serial_bayou_pond_a,
          serial_sigils_hangedman_confine, grunt_decor_fettered
Zot:1:    lemuel_draconian_sentries, layout_gridlike
Zot:2:    layout_basic, grunt_megastairs_5, lemuel_elevator
Zot:3:    layout_onion, gammafunk_ghost_mausoleum, nrook_zot_tub
Zot:4:    layout_misc_corridors
Zot:5:    layout_misc_corridors

Skill      XL: |  1  2  3  4  5  6  7  8  9 10 11 12 13 14 15 16 17 18 19 20 21 22 23 24 25 26 27 |
---------------+----------------------------------------------------------------------------------+-----
Stealth        | 2 3 5 12 15 16 19 21 | 21.0
Long Blades    | 1 6 13 | 13.6
Dodging        | 3 4 5 8 9 11 14 15 17 19 20 22 25 27 | 27.0
Short Blades   | 2 3 5 7 10 14 | 14.0
Fighting       | 2 3 5 7 9 12 13 14 17 18 20 22 23 24 | 24.6
Invocations    | 2 5 8 9 11 12 14 15 16 | 16.0
Spellcasting   | 1 4 |  4.1
Ice Magic      | 2 7 8 12 | 12.6
Shields        | 2 3 5 10 11 13 15 16 17 18 19 20 | 20.0
Evocations     | 4 5 6 9 |  9.6
Armour         | 8 11 | 11.6

Action                     |  1- 3 |  4- 6 |  7- 9 | 10-12 | 13-15 | 16-18 | 19-21 | 22-24 | 25-27 || total
---------------------------+-------+-------+-------+-------+-------+-------+-------+-------+-------++-------
  Melee: Club              |    79 |       |       |       |       |       |       |       |       ||    79
         Falchion          |    61 |       |       |       |       |       |       |       |       ||    61
         Dagger            |     2 |    74 |   481 |  1081 |  1169 |     5 |       |       |       ||  2812
         Punch             |     2 |     1 |     6 |     1 |       |       |       |       |       ||    10
         Tailslap          |       |     2 |       |       |    12 |       |       |       |       ||    14
         Cutlass           |       |       |       |       |   516 |  1516 |  2423 |   536 |     9 ||  5000
         Double sword      |       |       |       |       |       |       |       |   920 |  1060 ||  1980
  Throw: Dart              |       |       |    13 |     4 |     4 |     2 |       |       |       ||    23
   Cast: Frozen Ramparts   |       |       |       |    43 |    52 |     2 |     5 |       |       ||   102
         Freeze            |       |       |       |     1 |       |       |       |       |       ||     1
 Invoke: Wall of Briars    |       |       |     1 |     1 |     1 |       |       |     1 |       ||     4
         Grow Ballistomyce |       |       |       |       |     6 |       |     1 |     3 |       ||    10
         Grow Oklob        |       |       |       |       |       |       |     2 |       |     1 ||     3
Ability: Evoke Invisibilit |       |       |       |       |     1 |     1 |     1 |       |     1 ||     4
  Evoke: Wand              |    10 |     9 |     9 |    16 |    21 |     1 |    11 |     7 |    17 ||   101
         Phial of floods   |       |       |       |       |     3 |       |     1 |       |       ||     4
         Phantom mirror    |       |       |       |       |       |     1 |     1 |       |       ||     2
    Use: Scroll            |       |     6 |    11 |     9 |     8 |     7 |    10 |     6 |    10 ||    67
         Potion            |       |       |     1 |     2 |     6 |       |     5 |     6 |    24 ||    44
   Stab: Sleeping          |     2 |     6 |     5 |     6 |    39 |    63 |    89 |    38 |    22 ||   270
         Distracted        |       |     1 |     1 |     4 |     2 |    10 |    12 |    22 |    15 ||    67
         Invisible         |       |       |     3 |       |    12 |     2 |     7 |    12 |       ||    36
         Paralysed         |       |       |       |     6 |     4 |       |       |     1 |       ||    11
         Confused          |       |       |       |       |     7 |       |     1 |     2 |       ||    10
 Armour: Leather armour    |   106 |    22 |   190 |   363 |   428 |       |       |       |       ||  1109
         Robe              |       |       |       |       |    10 |   290 |   393 |   398 |   144 ||  1235
         Ring mail         |       |       |       |       |       |       |       |       |   257 ||   257
  Dodge: Dodged            |   125 |    40 |   288 |   472 |   755 |   581 |  1057 |  1104 |  1017 ||  5439
  Block: Buckler           |       |       |       |   147 |   229 |       |       |       |       ||   376
         Kite shield       |       |       |       |       |   196 |   736 |  1197 |  1052 |   954 ||  4135

Table legend: (Time is in decaauts)
 A = Elapsed time spent in this place.
 B = Non-inter-level travel time spent in this place.
 C = Inter-level travel time spent in this place.
 D = Time resting spent in this place.
 E = Time spent auto-exploring this place.
 F = Levels seen in this place.
 G = Mean time per level.
                   A        B        C        D        E       F      G
               +--------+--------+--------+--------+--------+-----+--------+
         Total |  63765 |  58239 |   5526 |  12557 |  25520 |  55 | 1159.4 |
       Dungeon |  16281 |  14349 |   1932 |   2529 |   6925 |  15 | 1085.4 |
        Temple |     19 |      2 |     17 |      0 |      0 |   1 |   19.0 |
          Lair |   8002 |   7355 |    647 |   1844 |   3690 |   5 | 1600.4 |
        Shoals |   3246 |   3152 |     94 |    410 |   1820 |   4 |  811.5 |
   Spider Nest |   3521 |   3353 |    168 |    602 |   1489 |   4 |  880.2 |
  Orcish Mines |   2756 |   2341 |    415 |    308 |   1196 |   2 | 1378.0 |
   Elven Halls |   4748 |   4184 |    564 |   1431 |   1452 |   3 | 1582.7 |
        Vaults |   9841 |   8823 |   1018 |   1850 |   4055 |   5 | 1968.2 |
         Crypt |   4305 |   4099 |    206 |    923 |   1998 |   3 | 1435.0 |
        Depths |   6113 |   5652 |    461 |   1166 |   2538 |   4 | 1528.2 |
           Zot |   3537 |   3537 |      0 |   1471 |     21 |   5 |  707.4 |
        Bazaar |     27 |     27 |      0 |      0 |      8 |   1 |   27.0 |
         Sewer |    166 |    166 |      0 |      0 |     47 |   1 |  166.0 |
    Desolation |    824 |    824 |      0 |     20 |    136 |   1 |  824.0 |
      Gauntlet |    373 |    373 |      0 |      0 |    141 |   1 |  373.0 |
               +--------+--------+--------+--------+--------+-----+--------+

Top non-repeatable levels by time:
Vaults:5: 2808 daAuts
Depths:1: 2400 daAuts
Vaults:3: 2226 daAuts
   Elf:3: 2211 daAuts
  Lair:5: 2057 daAuts
 Crypt:3: 2044 daAuts
  Lair:2: 1964 daAuts
  Lair:1: 1775 daAuts
Vaults:4: 1740 daAuts
Vaults:1: 1648 daAuts
   Orc:2: 1593 daAuts
   Elf:2: 1580 daAuts
Spider:4: 1502 daAuts
Vaults:2: 1418 daAuts
Depths:4: 1394 daAuts
